 Dungeon Crawl Stone Soup version 0.29-a0-565-g7a16c6de65 (webtiles) character file.

Game seed: 1664536817797044119

392 KristoblXynda the Skirmisher (level 6, -2/53 HPs)
             Began as a Draconian Monk on June 12, 2022.
             Slain by a hornet (11 damage)
             ... on level 4 of the Dungeon.
             The game lasted 00:03:18 (4361 turns).

KristoblXynda the Skirmisher (Draconian Monk)       Turns: 4361, Time: 00:03:18

Health: -2/53      AC:  9    Str: 16    XL:     6   Next: 51%
Magic:  6/6        EV: 14    Int: 10    God:
Gold:   200        SH:  0    Dex: 19    Spells: 5/5 levels left

rFire   . . .      SeeInvis .     - Unarmed
rCold   . . .      Faith    .   (no shield)
rNeg    . . .      Spirit   .   (body armour unavailable)
rPois   .          Reflect  .   (helmet restricted)
rElec   .          Harm     .   n - +2 cloak
rCorr   .          Rampage  .   (no gloves)
Will    .....                   (no boots)
Stlth   +++.......              (no amulet)
HPRegen 0.17/turn               l - +6 ring of dexterity
MPRegen 0.10/turn               (no ring)

@: mighty, slowed, very slow
A: AC +6, unfitting armour, cold-blooded
a: no special abilities


You were on level 4 of the Dungeon.
You visited 1 branch of the dungeon, and saw 4 of its levels.

You collected 200 gold pieces.

Inventory:

Missiles
 o - 10 poisoned darts (quivered)
Armour
 n - a +2 cloak (worn)
Jewellery
 l - a +6 ring of dexterity (left hand)
Scrolls
 c - a scroll of magic mapping {unknown}
 d - a scroll of noise {unknown}
 f - a scroll of torment {unknown}
 g - a scroll of summoning {unknown}
 h - 3 scrolls of immolation {unknown}
 i - 2 scrolls of amnesia {unknown}
 j - 2 scrolls of blinking {unknown}
 k - a scroll of fear {unknown}
 m - 2 scrolls of teleportation {unknown}
 p - a scroll of enchant weapon {unknown}
 r - 2 scrolls of identify
 s - a scroll of fog
Potions
 a - a potion of ambrosia
 b - 2 potions of might
 e - 2 potions of heal wounds {unknown}
 t - a potion of flight {unknown}


   Skills:
 + Level 4.6 Fighting
 + Level 1.8 Throwing
 + Level 4.0 Dodging
 + Level 3.3 Stealth
 + Level 4.4 Unarmed Combat


You had 5 spell levels left.
You didn't know any spells.
Your spell library contained the following spells:

 Spells                   Type           Power      Damage    Failure   Level
 Apportation              Tloc           0%         N/A       36%         1
 Necrotize                Necr           0%         1d4       36%         1
 Summon Small Mammal      Summ           0%         N/A       36%         1
 Static Discharge         Conj/Air       0%         N/A       50%         2
 Lightning Bolt           Conj/Air       0%         1d11      100%        5
 Maxwell's Capacitive Co  Air            0%         ∞         100%        8


Dungeon Overview and Level Annotations

Branches:
Dungeon (4/15)             Temple (0/1) D:4

Altars:
Cheibriados
Dithmenos
Gozag
Kikubaaqudgha
Sif Muna
Xom

Shops:
D:1 :


Innate Abilities, Weirdness & Mutations

Your plain brown scales are hard. (AC +6)
You cannot fit into any form of body armour.
You are cold-blooded and may be slowed by cold attacks.


Message History

The hornet stings you!
* * * LOW HITPOINT WARNING * * *
You suddenly lose the ability to move!
The endoplasm freezes you.
You are frozen.
* * * LOW HITPOINT WARNING * * *
You feel as though you will be slow longer.
The hornet stings you.
* * * LOW HITPOINT WARNING * * *
You shrug off the repeated paralysis!
The ball python closely misses the hornet.
The ball python bites itself.
The ball python dies!
You can move again.
You feel better.
The hornet stings you but does no damage.
The endoplasm freezes you.
You are frozen.
* * * LOW HITPOINT WARNING * * *
The hornet misses you. The endoplasm barely misses you.
The hornet closely misses you.
You feel very mighty all of a sudden. The hornet barely misses you.
The endoplasm closely misses you. The hornet stings you!
* * * LOW HITPOINT WARNING * * *
You feel as though you will be slow longer.
Okay, then.
You hit the hornet.
You tail-slap the hornet, but do no damage.
The hornet is moderately wounded.
The hornet closely misses you. The endoplasm freezes you.
You are frozen.
* * * LOW HITPOINT WARNING * * *
The hornet closely misses you.
The endoplasm hits you but does no damage.
You feel better. The hornet barely misses you.
The endoplasm hits you but does no damage.
The hornet stings you!
You die...

##.....## ####.#
##.....†.## ##.##.#
#.........####...#.####
+.........+...........#
#.........####.........#
##.......## #..##>##..#
##.....## #[.#..# ..#
##...## #..#.## .# ##'##
#.@#. # #.# #.Jy......
#.# ###≈≈≈≈≈## ######.##
≈†..≈≈# ....#...##
.§.§.≈# .##..<...#
.○§..≈# ..#.#...##
..°..≈# .#..##.########
≈...≈≈# .##............


You could see a hornet and an endoplasm.

Vanquished Creatures
  A gnoll shaman (D:4)
  2 orc priests (D:3)
  2 hounds (D:4)
  8 gnolls (D:4)
  7 adders
  3 worms
  2 dart slugs
  4 orcs (D:4)
  5 ball pythons
  7 bats
  11 endoplasms
  4 giant cockroaches
  3 goblins
  13 hobgoblins
  5 quokkas
  2 frilled lizards (D:1)
  9 kobolds
  4 rats
92 creatures vanquished.

Vanquished Creatures (others)
  A hound (D:4)
  An endoplasm (D:4)
  A hobgoblin (D:4)
  A ball python (D:4)
4 creatures vanquished.

Grand Total: 96 creatures vanquished

Notes
Turn   | Place    | Note
-------+----------+-------------------------------------------
     0 | D:1      | KristoblXynda the Draconian Monk began the quest for the
                  | Orb.
     0 | D:1      | Reached XP level 1. HP: 19/19 MP: 1/1
   182 | D:1      | Reached XP level 2. HP: 23/26 MP: 2/2
   275 | D:1      | Found Ytwij's Book Boutique.
   521 | D:1      | You fall into a shaft and drop 1 floor!
   971 | D:2      | Reached XP level 3. HP: 31/31 MP: 3/3
  1843 | D:1      | Reached XP level 4. HP: 40/40 MP: 4/4
  2436 | D:3      | Found an ancient bone altar of Kikubaaqudgha.
  2483 | D:3      | Reached XP level 5. HP: 44/46 MP: 5/5
  3162 | D:3      | Reached skill level 1 in Throwing
  3259 | D:4      | Found an opulent altar of Gozag.
  3409 | D:4      | Reached XP level 6. HP: 35/53 MP: 6/6
  3776 | D:4      | Found a shimmering blue altar of Sif Muna.
  3888 | D:4      | Found a snail-covered altar of Cheibriados.
  3967 | D:4      | Found a shadowy altar of Dithmenos.
  4192 | D:4      | Found a staircase to the Ecumenical Temple.
  4337 | D:4      | Noticed a hornet
  4338 | D:4      | Found a shimmering altar of Xom.
  4357 | D:4      | Paralysed by a hornet for 1 turns
  4360 | D:4      | HP: 2/53 [frozen (2)]
  4361 | D:4      | Slain by a hornet

Illustrated notes

Levels and vault maps discovered:
D:1:      wander_arrival_chamber, layout_basic, serial_shops, shop,
          minmay_shallow_snake_nest
D:2:      layout_loops_cross
D:3:      layout_loops_corners, nicolae_overflow_crystal_walls,
          kennysheep_path_1, nrook_loot_triangle, minmay_fountain_box,
          serial_bayou_pond_d
D:4:      layout_loops_corners, old_standard_altar, minitemple,
          old_standard_altar, xom_confusion_cloud, lemuel_crystal_altar,
          minmay_temple_entry_slanted

Skill      XL: |  1  2  3  4  5  6 |
---------------+-------------------+-----
Dodging        | 3 4 |  4.0
Stealth        | 2 3 |  3.3
Fighting       | 4 |  4.6
Throwing       | 1 |  1.8
Unarmed Combat | 4 |  4.4

Action                   |  1- 3 |  4- 6 || total
-------------------------+-------+-------++-------
Melee: Unarmed           |   145 |   155 ||   300
       Tailslap          |    16 |    21 ||    37
       Punch             |     4 |     5 ||     9
Throw: Dart              |       |     1 ||     1
  Use: Scroll            |       |     3 ||     3
       Potion            |       |     4 ||     4
 Stab: Sleeping          |     8 |     9 ||    17
       Distracted        |       |     1 ||     1
Armor: Skin              |    46 |    42 ||    88
Dodge: Dodged            |    81 |   118 ||   199

Table legend: (Time is in decaauts)
 A = Elapsed time spent in this place.
 B = Non-inter-level travel time spent in this place.
 C = Inter-level travel time spent in this place.
 D = Time resting spent in this place.
 E = Time spent auto-exploring this place.
 F = Levels seen in this place.
 G = Mean time per level.
                   A        B        C        D        E       F      G
               +--------+--------+--------+--------+--------+-----+--------+
         Total |   4345 |   4228 |    117 |    166 |   3387 |   4 | 1086.2 |
       Dungeon |   4345 |   4228 |    117 |    166 |   3387 |   4 | 1086.2 |
               +--------+--------+--------+--------+--------+-----+--------+

Top non-repeatable levels by time:
     D:2: 1335 daAuts
     D:4: 1126 daAuts
     D:3: 1050 daAuts
     D:1: 833 daAuts
